BSA
NEW YORK KNIGHTS @ LOS CABOS CARTEL
03/12/2024
 
TOP OF THE 1ST
New York Knights batting - Pitching for Los Cabos Cartel : RHP Vicente Durán
Pitching: RHP Vicente Durán
Batting: RHB Yasuhiko Sumita 0-0: Ball
1-0: Ball
2-0: Ball
3-0: Called Strike
3-1: Ground out 4-3 (Groundball, 4)
Batting: RHB Pepe Carrasco 0-0: Ball
1-0: Ground out 1-3 (Groundball, 25)
Batting: LHB Troy Donaldson 0-0: Swinging Strike
0-1: Swinging Strike
0-2: Ball
1-2: Strikes out looking
Top of the 1st over - 0 run(s), 0 hit(s), 0 error(s), 0 left on base; New York 0 - Los Cabos 0
BOTTOM OF THE 1ST
Los Cabos Cartel batting - Pitching for New York Knights : LHP Hong-ryul Yun
Pitching: LHP Hong-ryul Yun
Batting: RHB Sam Wallace 0-0: Ball
1-0: SOLO HOME RUN (Flyball, 78XD), Distance : 432 ft
Batting: SHB Julián Madrid 0-0: Called Strike
0-1: Ball
1-1: Foul Ball, location: 2F
1-2: Strikes out swinging
Batting: RHB Oliver Lugo 0-0: Called Strike
0-1: Ball
1-1: Ball
2-1: Called Strike
2-2: Ball
3-2: Strikes out swinging
Batting: LHB Luis González 0-0: Called Strike
0-1: Called Strike
0-2: Strikes out looking
Bottom of the 1st over - 1 run(s), 1 hit(s), 0 error(s), 0 left on base; New York 0 - Los Cabos 1
TOP OF THE 2ND
New York Knights batting - Pitching for Los Cabos Cartel : RHP Vicente Durán
Batting: RHB Edgardo Gonzáles 0-0: Ball
1-0: Ball
2-0: Called Strike
2-1: Foul Ball, location: 2F
2-2: Strikes out swinging
Batting: RHB Cheng-ho Qiao 0-0: Ball
1-0: Foul Ball, location: 2F
1-1: Called Strike
1-2: Ball
2-2: Strikes out swinging
Batting: LHB Tom Waller 0-0: Swinging Strike
0-1: Ball
1-1: Foul Ball, location: 2F
1-2: Ball
2-2: Ball
3-2: Foul Ball, location: 2F
3-2: Strikes out swinging
Top of the 2nd over - 0 run(s), 0 hit(s), 0 error(s), 0 left on base; New York 0 - Los Cabos 1
BOTTOM OF THE 2ND
Los Cabos Cartel batting - Pitching for New York Knights : LHP Hong-ryul Yun
Batting: RHB Oliver Hernández 0-0: Called Strike
0-1: Ball
1-1: Foul Ball, location: 2F
1-2: SINGLE (Line Drive, 4MD)
Batting: RHB Michael Barraclough 0-0: Ball
1-0: Called Strike
1-1: Fly out, F8 (Flyball, 8LXD)
Now in CF: Alberto Hernández
Batting: RHB Dan Mason 0-0: Called Strike
0-1: Ball
1-1: Foul Ball, location: 2F
1-2: DOUBLE (Flyball, 89XD)
Oliver Hernández to third
Batting: LHB Willie Wallace 0-0: Called Strike
0-1: Ball
1-1: Called Strike
1-2: Ball
2-2: Ball
3-2: Foul Ball, location: 2F
3-2: Fly out, F7 (Flyball, 78M)
Runner from 3rd tags up, SCORES, throw made
Batting: RHB António Magana 0-0: Called Strike
0-1: Fly out, F7 (Flyball, 78D)
Bottom of the 2nd over - 1 run(s), 2 hit(s), 0 error(s), 1 left on base; New York 0 - Los Cabos 2
TOP OF THE 3RD
New York Knights batting - Pitching for Los Cabos Cartel : RHP Vicente Durán
Batting: RHB José Aguilera 0-0: Ball
1-0: Ground out 1-3 (Groundball, 15S)
Batting: RHB Sixto Vélez 0-0: DOUBLE (Line Drive, 9LS)
Batting: RHB Tom Meyer 0-0: Called Strike
0-1: Called Strike
0-2: Foul Ball, location: 2F
0-2: Ball
1-2: Fly out, F7 (Flyball, 78S)
Batting: RHB Yasuhiko Sumita 0-0: Ground out 5-3 (Groundball, 56)
Top of the 3rd over - 0 run(s), 1 hit(s), 0 error(s), 1 left on base; New York 0 - Los Cabos 2
BOTTOM OF THE 3RD
Los Cabos Cartel batting - Pitching for New York Knights : LHP Hong-ryul Yun
Batting: RHB Sam Wallace 0-0: Ball
1-0: Called Strike
1-1: Ball
2-1: Fly out, F7 (Line Drive, 7M)
Batting: SHB Julián Madrid 0-0: Ground out 5-3 (Groundball, 6S)
Batting: RHB Oliver Lugo 0-0: Called Strike
0-1: Fly out, F8 (Line Drive, 8LS)
Bottom of the 3rd over - 0 run(s), 0 hit(s), 0 error(s), 0 left on base; New York 0 - Los Cabos 2
TOP OF THE 4TH
New York Knights batting - Pitching for Los Cabos Cartel : RHP Vicente Durán
Batting: RHB Pepe Carrasco 0-0: Called Strike
0-1: Ball
1-1: Ball
2-1: Foul Ball, location: 2F
2-2: Ball
3-2: Ground out 4-3 (Groundball, 4)
Batting: LHB Troy Donaldson 0-0: Ball
1-0: Called Strike
1-1: Ball
2-1: Foul Ball, location: 2F
2-2: Ground out 6-3 (Groundball, 6)
Batting: RHB Alberto Hernández 0-0: Ball
1-0: Fly out, F9 (Flyball, 9M)
Top of the 4th over - 0 run(s), 0 hit(s), 0 error(s), 0 left on base; New York 0 - Los Cabos 2
BOTTOM OF THE 4TH
Los Cabos Cartel batting - Pitching for New York Knights : LHP Hong-ryul Yun
Batting: LHB Luis González 0-0: Ball
1-0: Called Strike
1-1: SINGLE (Line Drive, 56)
Batting: RHB Oliver Hernández 0-0: Ball
Luis González is caught stealing 2nd base
1-0: SINGLE (Line Drive, 56D)
Batting: RHB Michael Barraclough 0-0: Fly out, F8 (Flyball, 8RD)
Batting: RHB Dan Mason 0-0: Ball
1-0: Ball
2-0: Called Strike
2-1: Foul Ball, location: 2F
2-2: Foul Ball, location: 2F
2-2: DOUBLE (Line Drive, 7LM)
Oliver Hernández to third
Runner from 3rd tries for Home, throw and OUT!
Bottom of the 4th over - 0 run(s), 3 hit(s), 0 error(s), 1 left on base; New York 0 - Los Cabos 2
TOP OF THE 5TH
New York Knights batting - Pitching for Los Cabos Cartel : RHP Vicente Durán
Pitching: RHP António Galindo
Batting: RHB Cheng-ho Qiao 0-0: Called Strike
0-1: Ground out 1-3 (Groundball, 15S)
Batting: LHB Tom Waller 0-0: Called Strike
0-1: Called Strike
0-2: Ball
1-2: Foul Ball, location: 2F
1-2: Foul Ball, location: 2F
1-2: Foul Ball, location: 2F
1-2: Strikes out swinging
Batting: RHB José Aguilera 0-0: Swinging Strike
0-1: Ball
1-1: SINGLE (Line Drive, 34D)
Batting: RHB Sixto Vélez 0-0: Called Strike
0-1: Ball
1-1: Ball
2-1: Foul Ball, location: 2F
2-2: Ball
3-2: Ground out 4-3 (Groundball, 4)
Top of the 5th over - 0 run(s), 1 hit(s), 0 error(s), 1 left on base; New York 0 - Los Cabos 2
BOTTOM OF THE 5TH
Los Cabos Cartel batting - Pitching for New York Knights : LHP Hong-ryul Yun
Pitching: RHP Elton Johnston
Batting: LHB Willie Wallace 0-0: Called Strike
0-1: Ball
1-1: Foul Ball, location: 2F
1-2: Strikes out looking
Batting: RHB António Magana 0-0: Ball
1-0: Foul Ball, location: 2F
1-1: Ground out 4-3 (Groundball, 4)
Batting: RHB Sam Wallace 0-0: Called Strike
0-1: Foul Ball, location: 2F
0-2: Ball
1-2: SOLO HOME RUN (Flyball, 78XD), Distance : 431 ft
Batting: SHB Julián Madrid 0-0: Ball
1-0: Ground out 4-3 (Groundball, 34)
Bottom of the 5th over - 1 run(s), 1 hit(s), 0 error(s), 0 left on base; New York 0 - Los Cabos 3
TOP OF THE 6TH
New York Knights batting - Pitching for Los Cabos Cartel : RHP António Galindo
Batting: RHB Tom Meyer 0-0: Ball
1-0: Ball
2-0: Called Strike
2-1: Swinging Strike
2-2: Strikes out swinging
Batting: RHB Yasuhiko Sumita 0-0: Ball
1-0: Swinging Strike
1-1: Foul Ball, location: 2F
1-2: Fly out, F9 (Flyball, 9M)
Batting: RHB Pepe Carrasco 0-0: SINGLE (Groundball, 34D)
Batting: LHB Troy Donaldson 0-0: Ball
Pepe Carrasco steals 2nd base
1-0: Foul Ball, location: 2F
1-1: Ball
2-1: SINGLE (Line Drive, 89M)
Pepe Carrasco to third
Runner from 3rd tries for Home, SAFE, no throw or cutoff
Batting: RHB Alberto Hernández 0-0: Called Strike
Troy Donaldson is caught stealing 2nd base
Top of the 6th over - 1 run(s), 2 hit(s), 0 error(s), 0 left on base; New York 1 - Los Cabos 3
BOTTOM OF THE 6TH
Los Cabos Cartel batting - Pitching for New York Knights : RHP Elton Johnston
Batting: RHB Oliver Lugo 0-0: Ball
1-0: Called Strike
1-1: Called Strike
1-2: Strikes out swinging
Batting: LHB Luis González 0-0: Called Strike
0-1: Ball
1-1: Ball
2-1: Called Strike
2-2: SINGLE (Groundball, 56D)
Batting: RHB Oliver Hernández 0-0: Called Strike
0-1: Foul Ball, location: 2F
0-2: Grounds into double play, 6-4-3 (Groundball, 6)
Bottom of the 6th over - 0 run(s), 1 hit(s), 0 error(s), 0 left on base; New York 1 - Los Cabos 3
TOP OF THE 7TH
New York Knights batting - Pitching for Los Cabos Cartel : RHP António Galindo
Pitching: LHP José Santana
Batting: RHB Alberto Hernández 0-0: Foul Ball, location: 2F
0-1: Ball
1-1: Swinging Strike
1-2: Foul Ball, location: 2F
1-2: Foul Ball, location: 2F
1-2: Strikes out swinging
Batting: RHB Cheng-ho Qiao 0-0: Ball
1-0: Called Strike
1-1: Ball
2-1: Swinging Strike
2-2: Foul Ball, location: 2F
2-2: Ball
3-2: Foul Ball, location: 2F
3-2: Strikes out swinging
Batting: LHB Tom Waller 0-0: Ball
1-0: Ball
2-0: Called Strike
2-1: Swinging Strike
2-2: DOUBLE (Line Drive, 9LM)
Batting: RHB José Aguilera 0-0: Ball
1-0: Called Strike
1-1: Ball
2-1: SINGLE (Line Drive, 4M)
Tom Waller to third
Batting: RHB Sixto Vélez 0-0: Ball
1-0: Ball
2-0: SINGLE (Line Drive, 56D)
Tom Waller scores
José Aguilera to second
Runner from 2nd tries for 3rd, SAFE, throw made to third
Sixto Vélez to second
Pinch Hitting: RHB Daryl Floyd 0-0: Ball
1-0: Foul Ball, location: 2F
1-1: Ball
2-1: Foul Ball, location: 2F
2-2: Foul Ball, location: 2F
2-2: Foul Ball, location: 2F
2-2: Ball
3-2: Base on Balls
Batting: RHB Yasuhiko Sumita 0-0: Foul Ball, location: 2F
0-1: Called Strike
0-2: Ball
1-2: Strikes out swinging
Top of the 7th over - 1 run(s), 3 hit(s), 0 error(s), 3 left on base; New York 2 - Los Cabos 3
BOTTOM OF THE 7TH
Los Cabos Cartel batting - Pitching for New York Knights : RHP Elton Johnston
Pitching: RHP Manny Maldonado
Now at 2B: Pedro Fernández
Batting: RHB Michael Barraclough 0-0: Ball
1-0: Ball
2-0: Ball
3-0: Base on Balls
Batting: RHB Dan Mason 0-0: Bunt missed!
0-1: Sac Bunt - play at first, batter OUT! 1-4
Michael Barraclough to second
Batting: LHB Willie Wallace 0-0: Intentional Walk
Batting: RHB António Magana 0-0: Called Strike
0-1: Called Strike
0-2: Strikes out swinging
Pinch Hitting: LHB Manny Quiñones 0-0: Called Strike
0-1: Fly out, F5 (Popup, 5F)
Bottom of the 7th over - 0 run(s), 0 hit(s), 0 error(s), 2 left on base; New York 2 - Los Cabos 3
TOP OF THE 8TH
New York Knights batting - Pitching for Los Cabos Cartel : LHP José Santana
Now at SS: Justin Schultz
Pinch Hitting: RHB Robinson Martínez 0-0: Called Strike
0-1: Foul Ball, location: 2F
0-2: Ball
1-2: SINGLE (Line Drive, 3D)
Pitching: LHP Steve Haynes
Pinch Runner at 1st Roger Moore:
Pinch Hitting: RHB Jesús Maestas 0-0: Ball
1-0: Ball
2-0: Fly out, F7 (Flyball, 78M)
Batting: RHB Alberto Hernández 0-0: Ball
1-0: Ball
2-0: Foul Ball, location: 2F
2-1: Called Strike
2-2: Grounds into double play, U4-3 (Groundball, 4)
Top of the 8th over - 0 run(s), 1 hit(s), 0 error(s), 0 left on base; New York 2 - Los Cabos 3
BOTTOM OF THE 8TH
Los Cabos Cartel batting - Pitching for New York Knights : RHP Manny Maldonado
Now at 3B: Dan Martin
Now in LF: Roger Moore
Batting: SHB Julián Madrid 0-0: Ball
1-0: Ball
2-0: Foul Ball, location: 2F
2-1: Foul Ball, location: 2F
2-2: Foul Ball, location: 2F
2-2: SINGLE (Line Drive, 7S)
Pinch Hitting: RHB Stephen Wilson 0-0: Called Strike
0-1: Ball
1-1: Ball
2-1: Foul Ball, location: 2F
2-2: Grounds into double play, 5-4-3 (Groundball, 5)
Pinch Hitting: LHB Truman Hodge 0-0: Called Strike
0-1: Ball
1-1: Ball
2-1: Fly out, F4 (Popup, 4MD)
Bottom of the 8th over - 0 run(s), 1 hit(s), 0 error(s), 0 left on base; New York 2 - Los Cabos 3
TOP OF THE 9TH
New York Knights batting - Pitching for Los Cabos Cartel : LHP Steve Haynes
Pitching: RHP Juan Nieto
Now at 2B: Stephen Wilson
Now in CF: Víctor Solano
Batting: SHB Marvin Harris 0-0: Ball
1-0: Ground out 4-3 (Groundball, 4)
Pinch Hitting: SHB Domingo Martínez 0-0: Foul Ball, location: 2F
0-1: Called Strike
0-2: Ball
1-2: Strikes out looking
Pinch Hitting: LHB Patrick Bright 0-0: Ground out 4-3 (Groundball, 4)
Top of the 9th over - 0 run(s), 0 hit(s), 0 error(s), 0 left on base; New York 2 - Los Cabos 3
This league is powered by Out of the Park Baseball, the baseball management simulation game for PC, Mac and Linux
Saturday, April 9th, 2016 - OOTP Baseball 16.8 Build 38